AoeStats
← facundoacuna1227

Arabia

509265501Analyzed
1v1 RM · 7d ago on Sep 26, 2026· 32m 41s· 2 players
Game mode
Random Map
Map size
Tiny (2 player)
Population
200
Speed
Normal
Resources
Standard
Victory
Conquest
Starting age
Dark Age
Ending age
Imperial Age
RankedLock teamsTeams togetherTeam positionsShared explorationLock speedFull tech treeHidden civsTurbo modeCheats
Victory
Defeat
🇪🇸 Lithuanians · Spain
858
+16
🇲🇽 Bulgarians · Mexico
866
-24
Gian_p20
10:07 Feudal Age
12:30 Horse Collar
14:51 Double-Bit Axe
17:53 Wheelbarrow
22:39 Castle Age
21:22 Stone Mining
22:21 Loom
24:31 Stone Shaft Mining
25:19 Bow Saw
25:11 Heavy Plow
25:45 Loom
26:32 Treadmill Crane
26:49 Murder Holes
28:08 Ballistics
30:30 Fletching
facundoacuna1227
2:33 Loom
10:23 Feudal Age
11:11 Double-Bit Axe
11:23 Horse Collar
23:35 Wheelbarrow
22:48 Town Watch
25:34 Castle Age
24:30 Padded Archer Armor
24:20 Fletching
24:32 Scale Mail Armor
27:45 Bow Saw
27:36 Heavy Plow
27:55 Bloodlines
Connection lost

Rejoining the realm…

Still unreachable

The connection could not be restored.

Session expired

The server has moved on; the page needs a fresh start.